 Dungeon Crawl Stone Soup version 0.25-a0-781-gc44aebf4fe (webtiles) character file.

Game seed: 6075252371791704809, levelgen mode: deterministic

342 Bapho the Fighter (level 6, 0/91 HPs)
             Began as a Demonspawn Chaos Knight on Apr 15, 2020.
             Was a Plaything of Xom.
             Succumbed to something's poison gas
             ... on level 2 of the Dungeon.
             The game lasted 00:04:09 (1873 turns).

Bapho the Fighter (Demonspawn Chaos Knight)         Turns: 1873, Time: 00:04:10

Health: 0/91       AC: 23    Str: 12 (13) XL:     6   Next: 30%
Magic:  2/6        EV:  2    Int: 11 (13) God:    Xom [*.....]
Gold:   104        SH:  0    Dex: 13 (14) Spells: 5/5 levels left

rFire    . . .     SeeInvis .   a - +0 falchion (chaos)
rCold    . . .     Gourm    .   (no shield)
rNeg     + + +     Faith    .   (armour currently unavailable)
rPois    +         Spirit   +   (helmet currently unavailable)
rElec    .         Reflect  .   (cloak currently unavailable)
rCorr    .         Harm     .   (gloves currently unavailable)
MR       .....     Clarity  +   (boots currently unavailable) Stlth +.........NoTele +
                                (no amulet)
HPRegen  0.25/turn              (no ring)
MPRegen  0.10/turn              (no ring)

@: lethally poisoned (0 -> -17), tree-form, stab, drained
A: repulsion field 2, clarity, screaming 1, evolution 1, magic shield
a: Renounce Religion


You were on level 2 of the Dungeon.
You worshipped Xom.
You were a special plaything of Xom.
You were not hungry.
You were a tree.
You visited 1 branch of the dungeon, and saw 2 of its levels.

You collected 104 gold pieces.

Inventory:

Hand Weapons
 a - a +0 falchion of chaos (weapon)
Armour
 b - a +2 leather armour
 n - a cursed +0 chain mail (melded)
Scrolls
 g - 4 scrolls of immolation
 h - a scroll of remove curse {unknown}
 m - a scroll of magic mapping
Comestibles
 c - 5 rations


   Skills:
 + Level 10.9(9.6) Fighting
 * Level 7.5(6.2) Long Blades
 + Level 5.2(4.0) Armour
 + Level 4.9(3.7) Dodging


You had 5 spell levels left.
You didn't know any spells.
Your spell library was empty.

Dungeon Overview and Level Annotations

Branches:
Dungeon (2/15)

Altars:
Uskayaw


Innate Abilities, Weirdness & Mutations

((You have a pair of small antennae on your head.))
You are surrounded by a moderate repulsion field. (EV +3)
When hurt, damage is shared between your health and your magic reserves.
You possess an exceptional clarity of mind.
You occasionally shout uncontrollably at your foes.
You evolve.


Message History

Your base attributes are Str 12, Int 13, Dex 14.
Increase (S)trength, (I)ntelligence, or (D)exterity?
You feel stronger.
* * * LOW HITPOINT WARNING * * *
You feel sick.
You cannot move.
Unknown command.
As you read the scroll labeled HICAZI EDOQUPS, it crumbles to dust.
It is a scroll of identify.
g - 4 scrolls of immolation
* * * LOW HITPOINT WARNING * * *
You feel sick.
The swamp dragon breathes poison at you.
The blast of poison engulfs you but does no damage.
You resist.
Your crimson imp blinks!
As you read the scroll labeled GAZEUPH JIGI, it crumbles to dust.
You feel aware of your surroundings.
It was a scroll of magic mapping.
You die...
Xom roars with laughter!

#☼# #°# ****** #####
#.###############..,,,
#...######☼☼☼..............#***
#..5.☼.5D○○○○5.#############
#.r5##########.# ##.## #○# #r#
#D# ******* ##.###########♣#*
*..,,,, #.O.......†☼☼○#○##
#.#**** #..#########○###☼# #.#
#..# ##.#.## #.# #..# #..#* #.#
#..# #.## #.#
##..##########.### ####.#
#.......)........# #....####
#§....##.##.##(#.# ###.##....##


You could see a swamp dragon and a friendly crimson imp.

Vanquished Creatures
  4 adders (D:2)
  2 worms (D:2)
  4 dart slugs
  4 leopard geckos
  5 bats
  2 giant cockroaches (D:1)
  4 goblins
  3 hobgoblins (D:1)
  5 jackals
  A kobold (D:1)
  A frilled lizard (D:1)
  2 rats (D:2)
37 creatures vanquished.

Notes
Turn   | Place    | Note
-------+----------+-------------------------------------------
     0 | D:1      | Bapho the Demonspawn Chaos Knight began the quest for the
                  | Orb.
     0 | D:1      | Reached XP level 1. HP: 18/18 MP: 1/1
    20 | D:1      | Reached skill level 1 in Dodging
   136 | D:1      | Gained mutation: You are surrounded by a mild repulsion
                  | field. (EV +2) [demonic ancestry]
   136 | D:1      | Reached XP level 2. HP: 23/24 MP: 2/2
   728 | D:2      | Gained mutation: When hurt, damage is shared between your
                  | health and your magic reserves. [demonic ancestry]
   728 | D:2      | Reached XP level 3. HP: 15/29 MP: 3/3
  1404 | D:2      | Gained mutation: You have a pair of small antennae on your
                  | head. [demonic ancestry]
  1404 | D:2      | Reached XP level 4. HP: 24/35 MP: 4/4
  1413 | D:2      | Found a hide-covered altar of Uskayaw.
  1443 | D:2      | Noticed a shapeshifter
  1443 | D:2      | an adder changed into a shapeshifter
  1443 | D:2      | Noticed a yaktaur
  1443 | D:2      | a shapeshifter changed into a yaktaur
  1450 | D:2      | XOM: potion effect (magic)
  1460 | D:2      | XOM: summons 4 friendly demons
  1462 | D:2      | XOM: 4-stop teleportation journey
  1821 | D:2      | Noticed an elephant
  1826 | D:2      | XOM: draining
  1826 | D:2      | XOM: butterfly on damage
  1830 | D:2      | Noticed a two-headed ogre
  1830 | D:2      | an elephant changed into a two-headed ogre
  1845 | D:2      | XOM: summons 4 friendly demons
  1852 | D:2      | Noticed a swamp dragon
  1862 | D:2      | Reached skill level 6 in Fighting
  1862 | D:2      | Reached skill level 5 in Armour
  1862 | D:2      | Gained mutation: You are surrounded by a moderate repulsion
                  | field. (EV +3) [demonic ancestry]
  1862 | D:2      | Reached XP level 5. HP: 2/46 MP: 2/5
  1862 | D:2      | HP: 2/46 [poisoned by something (poison gas)]
  1869 | D:2      | Gained mutation: You occasionally shout uncontrollably at
                  | your foes. [potion of mutation]
  1869 | D:2      | Gained mutation: You possess an exceptional clarity of
                  | mind. [potion of mutation]
  1869 | D:2      | Gained mutation: You evolve. [potion of mutation]
  1871 | D:2      | Reached skill level 10 in Fighting
  1871 | D:2      | Reached XP level 6. HP: 5/61 MP: 2/6
  1871 | D:2      | HP: 3/91 [poisoned by something (poison gas)]
  1873 | D:2      | Succumbed to something's poison gas

Levels and vault maps discovered:
D:1:      lemuel_arrival_funnel, layout_loops_ring, st_stairs_3,
          minmay_pentomino_p4
D:2:      layout_loops_ring, old_standard_altar, first_ration

Skill      XL: |  1  2  3  4  5 |
---------------+----------------+-----
Dodging        | 1 4 |  4.9
Long Blades    | 3 7 |  7.5
Armour         | 2 5 |  5.2
Fighting       | 6 10 | 10.9

Action                   |  1- 3 |  4- 6 || total
-------------------------+-------+-------++-------
Melee: Falchion          |   114 |    23 ||   137
Throw: Stone             |    22 |     1 ||    23
  Use: Potion            |       |     7 ||     7
       Scroll            |       |     2 ||     2
  Eat: Chunk             |     2 |     1 ||     3
Armor: Leather armour    |    18 |       ||    18
       Chain mail        |    71 |     6 ||    77
       Skin              |       |     1 ||     1
Dodge: Dodged            |    55 |     7 ||    62
       Rpst.: Falchion   |    18 |     3 ||    21

Table legend:
 A = Non-vault XP
 B = Vault XP
 C = Vault XP percentage of total XP
 D = Non-vault monster count
 E = Vault monster count
 F = Vault count percentage of total count
                 A         B        C        D         E       F
            +---------+---------+-------+---------+---------+-------
      Total |     112 |      16 |  12.5 |      31 |       6 |  16.2
            +---------+---------+-------+---------+---------+-------
        D:1 |      17 |      16 |  48.5 |       8 |       6 |  42.9
        D:2 |      95 |       0 |   0.0 |      23 |       0 |   0.0
            +---------+---------+-------+---------+---------+-------
